 Dungeon Crawl Stone Soup version 0.21.1-1-g345015fe64 (webtiles) character file.

65 JarielCorvus the Magician (level 3, 0/19 HPs)
             Began as a Deep Elf Wizard on July 16, 2018.
             Slain by a kobold
             ... wielding a +0 dagger of venom
              (4 damage)
             ... on level 3 of the Dungeon.
             The game lasted 00:05:21 (1829 turns).

JarielCorvus the Magician (Deep Elf Wizard)         Turns: 1829, Time: 00:05:22

Health: 0/19       AC:  2    Str:  5    XL:     3   Next: 92%
Magic:  1/11       EV: 13    Int: 22    God:
Gold:   101        SH:  0    Dex: 13    Spells: 1/12 levels left

rFire    . . .     SeeInvis .   j - +0 whip (elec)
rCold    . . .     Gourm    .   (no shield)
rNeg     . . .     Faith    .   a - +0 robe
rPois    .         Spirit   .   b - +0 hat
rElec    .         Reflect  .   (no cloak)
rCorr    .         Harm     .   (no gloves)
MR       .....                  (no boots)
Stlth    ++........             (no amulet)
HPRegen  0.06/turn              (no ring)
MPRegen  0.12/turn              (no ring)

@: lethally poisoned (0 -> -7)
A: no striking features
a: no special abilities


You were on level 3 of the Dungeon.
You were hungry.

You visited 1 branch of the dungeon, and saw 3 of its levels.

You collected 101 gold pieces.

Inventory:

Hand Weapons
 j - a +0 whip of electrocution (weapon)
 o - a +1 dagger
Armour
 a - a +0 robe (worn)
 b - a +0 hat (worn)
Potions
 g - a potion of magic
 i - 2 potions of agility
 k - a potion of cancellation
 m - a potion of might
Books
 c - a book of Minor Magic

   Spells                             Type                      Level
   a - Magic Dart                     Conjuration                  1
   b - Blink                          Translocation                2
   c - Call Imp                       Summoning                    2
   d - Slow                           Hexes                        2
   e - Conjure Flame                  Conjuration/Fire             3
   f - Mephitic Cloud                 Conjuration/Poison/Air       3
Comestibles
 d - 9 rations


   Skills:
 + Level 3.1 Dodging
 + Level 3.2 Stealth
 * Level 5.4 Spellcasting
 + Level 2.0 Conjurations
 - Level 1.1 Summonings
 - Level 1.1 Translocations


You had one spell level left.
You knew the following spells:

 Your Spells              Type           Power        Failure   Level  Hunger
a - Magic Dart            Conj           ###.         4%          1    None
b - Blink                 Tloc           N/A          10%         2    None
c - Call Imp              Summ           ##......     10%         2    None
d - Conjure Flame         Conj/Fire      ##......     19%         3    ##.....
e - Mephitic Cloud        Conj/Pois/Air  #.......     22%         3    ##.....


Dungeon Overview and Level Annotations

Branches:
Dungeon (3/15)

Altars:

Annotations:
D:3 Htamos's ghost, amateur DESk


Message History

The kobold shoots a poisoned needle.
The poisoned needle closely misses you.
Your crimson imp hits Htamos's ghost but does no damage.
You see here a poisoned needle.
The kobold shoots a poisoned needle.
The poisoned needle hits you!
You are lethally poisoned!
Htamos's ghost hits your crimson imp.
Your crimson imp hits Htamos's ghost but does no damage.
You see here a poisoned needle.
* * * LOW HITPOINT WARNING * * *
You feel sick.
The kobold shoots a poisoned needle.
The poisoned needle closely misses you.
Your crimson imp closely misses Htamos's ghost.
* * * LOW HITPOINT WARNING * * *
You feel sick.
The kobold shoots a poisoned needle.
The poisoned needle barely misses you.
The kobold unwields an uncursed blowgun.
The kobold wields an uncursed dagger of venom.
It begins to drip with poison!
The kobold hits you with an uncursed dagger of venom.
You die...

#.# ####.# #<##.# #.##.#
########### #.##.#
#(........##.
#.##(###.............
#.#.†..(W............
#.#.(...#...#........#
#.#....5.5.@#....†...#
#.#......((K.........#
######.#..................#
.........................##
######............(........
#.....<########.........
#................$......
#......########.######..
#......# #.#


You could see Htamos's ghost, a kobold and 2 friendly crimson imps.

Vanquished Creatures
  2 adders (D:2)
  A dart slug (D:1)
  A leopard gecko (D:1)
  3 giant cockroaches
  6 goblins
  8 hobgoblins
  3 jackals (D:1)
  A quokka (D:2)
  A ball python (D:2)
  4 bats
  3 frilled lizards
  5 kobolds
  A rat (D:2)
39 creatures vanquished.

Notes
Turn   | Place    | Note
-------+----------+-------------------------------------------
     0 | D:1      | JarielCorvus the Deep Elf Wizard began the quest for the Orb.
     0 | D:1      | Reached XP level 1. HP: 10/10 MP: 7/7
   184 | D:1      | Reached XP level 2. HP: 14/15 MP: 0/9
   387 | D:1      | Learned a level 2 spell: Blink
   390 | D:1      | Learned a level 2 spell: Call Imp
   614 | D:1      | Reached skill level 5 in Spellcasting
   966 | D:2      | Reached XP level 3. HP: 19/19 MP: 4/11
  1286 | D:2      | Learned a level 3 spell: Conjure Flame
  1290 | D:2      | Learned a level 3 spell: Mephitic Cloud
  1805 | D:3      | Noticed Htamos's ghost (amateur DESk)
  1829 | D:3      | Slain by a kobold

Skill      XL: |  1  2  3 |
---------------+----------+-----
Spellcasting   | 5 |  5.4
Stealth        | 3 |  3.2
Dodging        | 3 |  3.1
Conjurations   | 2 |  2.0
Summonings     | |  1.1
Translocations | |  1.1

Action                   || total
-------------------------++-------
 Cast: Magic Dart        ||   106
       Call Imp          ||     3
       Blink             ||     2
  Use: Scroll            ||    11
       Potion            ||     1
  Eat: Chunk             ||     2
Armor: Robe              ||     3
Dodge: Dodged            ||    26
